 Dungeon Crawl Stone Soup version 0.29.1-4-g47bece8355 (webtiles) character file.

Game seed: 13239373966498904080

8 CaptainMV the Stinger (level 2, 0/20 HPs)
             Began as a Draconian Venom Mage on Dec 7, 2022.
             Slain by a kobold
             ... wielding a +0 dagger
              (1 damage)
             ... on level 1 of the Dungeon.
             The game lasted 00:03:55 (184 turns).

CaptainMV the Stinger (Draconian Venom Mage)         Turns: 184, Time: 00:03:55

Health: 0/20       AC:  4    Str: 10    XL:     2   Next: 0%
Magic:  1/5        EV:  9    Int: 15    God:
Gold:   18         SH:  0    Dex: 11    Spells: 4/5 levels left

rFire   . . .      SeeInvis .   e - +0 dagger
rCold   . . .      Faith    .   (no shield)
rNeg    . . .      Spirit   .   (body armour unavailable)
rPois   .          Reflect  .   (helmet restricted)
rElec   .          Harm     .   (no cloak)
rCorr   .          Rampage  .   (no gloves)
Will    .....                   (no boots)
Stlth   ++........              (no amulet)
HPRegen 0.06/turn               (no ring)
MPRegen 0.09/turn               (no ring)

@: constricted
A: AC +4, unfitting armour, cold-blooded
a: no special abilities


You were on level 1 of the Dungeon.
You visited 1 branch of the dungeon, and saw 1 of its levels.

You collected 18 gold pieces.

Inventory:

Hand Weapons
 e - a +0 dagger (weapon)
Scrolls
 c - a scroll of noise {unknown}
Potions
 a - a potion of magic
 b - a potion of heal wounds {unknown}
 d - a potion of brilliance {unknown}


   Skills:
 + Level 1.7 Dodging
 + Level 1.9 Stealth
 + Level 2.0 Spellcasting
 + Level 1.0 Transmutations
 + Level 3.4 Poison Magic


You had 4 spell levels left.
You knew the following spells:

 Your Spells              Type           Power      Damage    Failure   Level
a - Sting                 Tmut/Pois      32%        1d4       9%          1

Your spell library contained the following spells:

 Spells                   Type           Power      Damage    Failure   Level
 Poisonous Vapours        Pois/Air       12%        N/A       17%         2
 Mephitic Cloud           Conj/Pois/Air  4%         N/A       38%         3
 Olgreb's Toxic Radiance  Pois           11%        N/A       47%         4


Dungeon Overview and Level Annotations

Branches:
Dungeon (1/15)

Altars:

Shops:
D:1 (


Innate Abilities, Weirdness & Mutations

Your plain brown scales are hard. (AC +4)
You cannot fit into any form of body armour.
You are cold-blooded and may be slowed by cold attacks.


Message History

The ball python bites you but does no damage.
The ball python constricts you.
The ball python bites you but does no damage.
The frilled lizard barely misses you.
Your magical contamination has completely faded away.
You hit the ball python.
The ball python is heavily wounded.
The ball python bites you but does no damage.
The ball python constricts you. The ball python misses you.
The frilled lizard barely misses you. The ball python misses you.
The ball python constricts you. The ball python barely misses you.
You hit the ball python.
You kill the ball python!
The frilled lizard barely misses you. The ball python misses you.
The ball python grabs you. The ball python constricts you.
You have reached level 2!
Casting: Sting (safe; 9% risk of failure)
Confirm with . or Enter, or press ? or * to list all spells.
Aiming: Sting (safe; 9% risk of failure)
Press: ? - help, Shift-Dir - straight line, f/p - endoplasm
Aim: an endoplasm (moderately wounded, 97% to hit)
The sting misses the kobold.
The sting hits the endoplasm.
The endoplasm is poisoned.
The endoplasm is heavily wounded.
The frilled lizard bites you.
* * * LOW HITPOINT WARNING * * *
The kobold hits you but does no damage.
The ball python bites you but does no damage.
The ball python constricts you.
You closely miss the hobgoblin.
You tail-slap the hobgoblin, but do no damage.
The ball python closely misses you. The ball python constricts you.
The frilled lizard barely misses you. The kobold hits you with a +0 dagger.
* * * LOW HITPOINT WARNING * * *
The hobgoblin barely misses you.
You hit the hobgoblin but do no damage.
The ball python bites you but does no damage.
The ball python constricts you. The frilled lizard barely misses you.
The kobold hits you with a +0 dagger.
You die...

...#.........#.....####.#
...#..##.......###......#
...#..##.......###.######
...#..##.##........#
...'..##.###.#...#.#
...#..##.# #####...#
#+##..#### ##.∩.# ...#
#..g.# ....# #.@#.# #####
#lKS.# #.J......#
..........# .............
#g............
###...........
#.#...#..... #.#...#..##.


You could see an endoplasm (poisoned), a hobgoblin, a ball python, a kobold and
a frilled lizard.

Vanquished Creatures
  2 endoplasms (D:1)
  A giant cockroach (D:1)
  2 ball pythons (D:1)
  2 bats (D:1)
  A rat (D:1)
8 creatures vanquished.

Notes
Turn   | Place    | Note
-------+----------+-------------------------------------------
     0 | D:1      | CaptainMV the Draconian Venom Mage began the quest for the
                  | Orb.
     0 | D:1      | Reached XP level 1. HP: 14/14 MP: 3/3
    31 | D:1      | Found Zowni's Antique Weapon Emporium.
   182 | D:1      | Reached XP level 2. HP: 4/20 MP: 1/5
   183 | D:1      | HP: 1/20 [kobold/+0 dagger (1)]
   184 | D:1      | Slain by a kobold

Illustrated notes

Levels and vault maps discovered:
D:1:      lemuel_arrival_room, layout_loops_cross, serial_shops,
          nicolae_shop_stone

Action                   || total
-------------------------++-------
Melee: Unarmed           ||    16
       Dagger            ||     8
       Tailslap          ||     3
 Cast: Sting             ||    11
Armor: Skin              ||    14
Dodge: Dodged            ||    30
